[Event "Titled Tuesday Blitz August 17 2021"]
[White "Aldokhin, Ivan"]
[Black "Terry, Renato"]
[WhiteFideId "24115720"]
[BlackFideId "3803457"]
[WhiteElo "2306"]
[BlackElo "2581"]
[Result "1/2-1/2"]
[Round "04"]
[TimeControl "180+1"]
[Date "2021.08.17"]
[WhiteClock "0:00:04"]
[BlackClock "0:00:01"]

1. e4 e6 2. d4 d5 3. Nd2 Be7 4. Ngf3 Nf6 5. Bd3 c5 6. dxc5 dxe4 7. Nxe4 Nxe4 8. Bxe4 Qxd1+ 9. Kxd1 Bxc5 10. Ke2 Nd7 11. Be3 Bxe3 12. Kxe3 Nc5 13. Ne5 Nxe4 14. Kxe4 Ke7 15. Rhd1 f6 16. Nc4 Bd7 17. Ke3 Rhc8 18. Na3 Rc5 19. f3 a5 20. c3 b5 21. Rac1 Rac8 22. Nb1 b4 23. Nd2 bxc3 24. Ne4 c2 25. Rxd7+ Kxd7 26. Nxc5+ Rxc5 27. Kd3 Rh5 28. h3 Rb5 29. Rxc2 h5 30. Kc4 Rb4+ 31. Kc5 h4 32. Rd2+ Kc7 33. Re2 e5 34. a3 Rb3 35. Kc4 a4 36. Kd5 Kd7 37. Kc4 g5 38. Kd5 Ke7 39. Rc2 Rb5+ 40. Ke4 Ke6 41. Rc6+ Ke7 42. Rc2 Ke6 43. Rc6+ Kf7 44. Kf5 e4+ 45. Kxe4 Rxb2 46. Kf5 Rb5+ 47. Ke4 Re5+ 48. Kd3 Rd5+ 49. Ke4 Re5+ 50. Kd3 Rb5 51. Ke4 Kg6 52. Ra6 Rb2 53. f4 gxf4 54. Kxf4 Rxg2 55. Rxa4 Rg3 56. Ra8 Rxh3 57. Kg4 Rh1 58. Rh8 Kg7 59. Rxh4 Rg1+ 60. Kf5 Ra1 61. Rh3 Kf7 62. Rb3 Rf1+ 63. Ke4 Kg6 64. Rg3+ Kf7 65. Rc3 Re1+ 66. Kf4 Rf1+ 67. Ke4 Rg1 68. Kf4 Ke6 69. Re3+ Kf7 70. Rc3 Rf1+ 71. Ke4 1/2-1/2


[Site "https://www.chess.com"]

[Event "Titled Tuesday Blitz August 17 2021"]
[White "AleksanderHnydiuk"]
[Black "Moskalenko, Alexander"]
[BlackFideId "4155351"]
[WhiteElo "2610"]
[BlackElo "2495"]
[Result "0-1"]
[Round "04"]
[TimeControl "180+1"]
[Date "2021.08.17"]
[WhiteClock "0:01:08"]
[BlackClock "0:00:09"]

1. Nf3 g6 2. c4 Bg7 3. d4 c5 4. e4 cxd4 5. Nxd4 Nc6 6. Be3 Qb6 7. Nb3 Qb4+ 8. Bd2 Qb6 9. Nc3 Nf6 10. Be2 d6 11. O-O O-O 12. Nd5 Qd8 13. Rc1 Nxe4 14. Bd3 Nxd2 15. Qxd2 Ne5 16. Rfe1 e6 17. Nc3 Bd7 18. Bf1 Bc6 19. Rcd1 Rc8 20. Ne4 Bxe4 21. Rxe4 d5 22. cxd5 exd5 23. Qxd5 Qxd5 24. Rxd5 Rfd8 25. Rdxe5 Bxe5 26. Rxe5 Rd1 27. g3 Rb1 28. Re2 b6 29. Rd2 a5 30. Kg2 a4 31. Nd4 Rd8 32. a3 h5 33. h4 Re1 34. Kf3 Rxf1 35. Ke2 Rb1 36. Ke3 Re1+ 37. Kf3 Re7 38. Rd3 Ree8 39. Rd2 b5 40. Rd3 Rd5 41. Rd2 Ree5 42. Rd3 Kf8 43. Rd2 Ke8 44. Rd3 Kd7 45. Rd2 f5 46. Rd3 Re4 47. Rd2 Rdxd4 0-1


[Site "https://www.chess.com"]

[Event "Titled Tuesday Blitz August 17 2021"]
[White "AlexOstrovskiy"]
[Black "Yashas, D."]
[BlackFideId "5030196"]
[WhiteElo "2827"]
[BlackElo "2221"]
[Result "1-0"]
[Round "04"]
[TimeControl "180+1"]
[Date "2021.08.17"]
[WhiteClock "0:01:05"]
[BlackClock "0:00:19"]

1. d4 Nf6 2. Bf4 b6 3. e3 Bb7 4. h3 g6 5. Nf3 Bg7 6. Be2 O-O 7. O-O d6 8. Bh2 c5 9. a4 a6 10. c4 Nc6 11. d5 Nb4 12. Nc3 Nd7 13. e4 Re8 14. Re1 Ne5 15. Nxe5 Bxe5 16. Bxe5 dxe5 17. Qd2 Qd6 18. Rad1 Rad8 19. h4 Bc8 20. Rf1 Qf6 21. f4 Qxh4 22. fxe5 Rf8 23. Qf4 Qxf4 24. Rxf4 Kg7 25. a5 bxa5 26. Ra1 f6 27. e6 Nc2 28. Rxa5 Nd4 29. Rxc5 f5 30. e5 g5 31. Rxd4 1-0


[Site "https://www.chess.com"]

[Event "Titled Tuesday Blitz August 17 2021"]
[White "Amburgy, Ryan"]
[Black "Indjic, Aleksandar"]
[WhiteFideId "30924820"]
[BlackFideId "911925"]
[WhiteElo "2066"]
[BlackElo "2643"]
[Result "0-1"]
[Round "04"]
[TimeControl "180+1"]
[Date "2021.08.17"]
[WhiteClock "0:00:07"]
[BlackClock "0:00:06"]

1. Nf3 d5 2. e3 c5 3. c4 d4 4. b4 dxe3 5. fxe3 cxb4 6. d4 e5 7. Nxe5 Nc6 8. Nf3 Bg4 9. Bd3 Bd6 10. Bb2 Nf6 11. Nbd2 O-O 12. O-O Bh5 13. Qe1 Re8 14. d5 Bc5 15. Bxf6 Qxf6 16. Ne4 Rxe4 17. Bxe4 Ne5 18. Qg3 Bxf3 19. Bxf3 Qd6 20. Be4 Re8 21. Rae1 g6 22. Qf4 Re7 23. h4 Nxc4 24. Qxd6 Nxd6 25. Bd3 f5 26. Kf2 Kg7 27. Kf3 Nf7 28. Rd1 Ne5+ 29. Ke2 Ng4 30. e4 fxe4 31. Bc2 Bd6 32. Rd4 Nf6 33. Rc4 a5 34. Ke3 Nxd5+ 35. Kd4 Nf6 36. Ba4 b6 37. Rc8 Bc5+ 38. Kc4 e3 39. Re1 e2 40. Bd1 exd1=Q 41. Rxd1 Ne4 42. Ra8 Nd6+ 43. Kd5 Nb5 44. Kc6 Nd4+ 45. Kd5 Nf5 46. Kc6 Nxh4 47. Rdd8 Nxg2 48. Rg8+ Kh6 49. Raf8 Ne3 50. Rf2 Ng4 51. Rg2 Kg5 52. Kb5 h5 53. Rh8 Re5 54. Kc4 Rf5 55. Re8 a4 56. Kb5 b3 57. axb3 axb3 58. Kc4 Rf2 59. Rxf2 Nxf2 60. Kxb3 h4 61. Re4 Nxe4 0-1


[Site "https://www.chess.com"]

[Event "Titled Tuesday Blitz August 17 2021"]
[White "Ashiev, Eduard"]
[Black "Vasli, Aref"]
[WhiteFideId "4130090"]
[BlackFideId "417521"]
[WhiteElo "2064"]
[BlackElo "2257"]
[Result "0-1"]
[Round "04"]
[TimeControl "180+1"]
[Date "2021.08.18"]
[WhiteClock "0:00:01"]
[BlackClock "0:00:23"]

1. d4 Nf6 2. Nf3 g6 3. c4 Bg7 4. Nc3 O-O 5. e4 d6 6. h3 c5 7. d5 e6 8. Bd3 exd5 9. cxd5 Re8 10. O-O c4 11. Bc2 b5 12. a3 Nbd7 13. Nd4 Nc5 14. Re1 a6 15. Bf4 Qb6 16. Qd2 Bb7 17. Rad1 Nfd7 18. Nf3 Ne5 19. Nxe5 Bxe5 20. Be3 Qc7 21. f4 Bg7 22. Bd4 Rad8 23. Qf2 Nd7 24. Bxg7 Kxg7 25. Qd4+ f6 26. Re2 Qc5 27. Qxc5 Nxc5 28. Rde1 Re7 29. Kf2 Rde8 30. g4 g5 31. e5 dxe5 32. fxe5 Rxe5 33. Rxe5 Rxe5 34. Rxe5 fxe5 35. Ke3 h6 36. Bf5 Kf6 37. Be4 Ke7 38. d6+ Kxd6 39. Bxb7 Nxb7 40. Ne4+ Ke6 41. Ng3 Nd6 42. Ne2 Kd5 43. Nc3+ Kc5 44. Ne2 a5 45. Ng3 b4 46. axb4+ axb4 47. Kd2 Kd5 48. Nh5 Ne4+ 49. Ke3 b3 0-1


[Site "https://www.chess.com"]

[Event "Titled Tuesday Blitz August 17 2021"]
[White "Awatramani, Janak"]
[Black "Pultinevicius, Paulius"]
[WhiteFideId "2608359"]
[BlackFideId "12809390"]
[WhiteElo "2891"]
[BlackElo "2479"]
[Result "1-0"]
[Round "04"]
[TimeControl "180+1"]
[Date "2021.08.17"]
[WhiteClock "0:00:48"]
[BlackClock "0:00:31"]

1. e4 c6 2. d4 d5 3. Nc3 dxe4 4. Nxe4 Bf5 5. Ng3 Bg6 6. Nf3 Nd7 7. c3 Ngf6 8. Bc4 e6 9. O-O Bd6 10. Re1 Qc7 11. a3 a5 12. Bg5 h6 13. Bxf6 gxf6 14. Nh4 Rg8 15. Nxg6 Rxg6 16. Qh5 Nf8 17. Bd3 Rg8 18. Qxh6 Be7 19. Nh5 Qd8 20. Re2 a4 21. Rae1 Ra5 22. Ng7+ Kd7 23. Nf5 Ng6 24. Nxe7 Qxe7 25. Qh7 Qf8 26. Bxg6 Rxg6 27. Rxe6 Rag5 28. Re7+ Qxe7 29. Rxe7+ Kxe7 30. g3 Rb5 31. h4 f5 32. h5 Rg5 33. h6 Rg6 34. Qxg6 fxg6 35. h7 Rxb2 36. h8=Q Rb3 37. Qe5+ Kd7 38. Qg7+ Kc8 39. Qxg6 Rxa3 40. Qxf5+ Kb8 41. Qf8+ 1-0


[Site "https://www.chess.com"]

[Event "Titled Tuesday Blitz August 17 2021"]
[White "Ayushh, Ravikumar"]
[Black "Hansen, Sune Berg"]
[WhiteFideId "35039482"]
[BlackFideId "1400266"]
[WhiteElo "1441"]
[BlackElo "2629"]
[Result "0-1"]
[Round "04"]
[TimeControl "180+1"]
[Date "2021.08.18"]
[WhiteClock "0:00:03"]
[BlackClock "0:00:19"]

1. d4 Nf6 2. Nf3 g6 3. g3 Bg7 4. Bg2 O-O 5. O-O d6 6. c4 Nbd7 7. b3 e5 8. e3 Re8 9. Bb2 e4 10. Nfd2 Nf8 11. Nc3 Bf5 12. Rc1 h5 13. h4 N8h7 14. c5 d5 15. b4 c6 16. b5 g5 17. hxg5 Nxg5 18. Qa4 Qd7 19. bxc6 bxc6 20. f4 Ngh7 21. Qd1 Kh8 22. Kf2 Ng4+ 23. Ke2 Nhf6 24. Rh1 Rab8 25. Rb1 Nh6 26. Ke1 Bg4 27. Qc2 Nf5 28. Nf1 Kg8 29. Kd2 Qc7 30. Bc1 Rxb1 31. Qxb1 Rb8 32. Qc2 Qc8 33. Qa4 Qb7 34. Qb3 Qc7 35. Qa4 a5 36. Kc2 Rb4 37. Qa3 Rc4 38. Qb3 Nd7 39. Bd2 a4 40. Qb2 Nxc5 41. dxc5 Rxc5 42. Kb1 Rc4 43. a3 Qd8 44. Nh2 Be2 45. Bf1 Bxf1 46. Rxf1 Qf6 47. Rc1 Nxg3 48. Nf1 Nxf1 49. Rxf1 h4 50. Rg1 h3 51. Nd1 h2 52. Bc3 Rxc3 53. Rxg7+ Qxg7 54. Qxc3 Qxc3 55. Nxc3 h1=Q+ 0-1


[Site "https://www.chess.com"]

[Event "Titled Tuesday Blitz August 17 2021"]
[White "Barp, Alberto"]
[Black "Ibrahimli, Murad"]
[WhiteFideId "872555"]
[BlackFideId "13410229"]
[WhiteElo "2229"]
[BlackElo "2109"]
[Result "1-0"]
[Round "04"]
[TimeControl "180+1"]
[Date "2021.08.17"]
[WhiteClock "0:00:17"]
[BlackClock "0:00:08"]

1. Nf3 Nf6 2. g3 g6 3. Bg2 Bg7 4. O-O O-O 5. c4 c6 6. b3 d5 7. cxd5 Nxd5 8. d4 c5 9. Bb2 Nc6 10. Qd2 Nc7 11. Rd1 Bg4 12. d5 Bxb2 13. Qxb2 Bxf3 14. Bxf3 Nd4 15. Bg2 Rb8 16. Nc3 Ncb5 17. Ne4 b6 18. e3 Nf5 19. a4 Nbd6 20. Nc3 a6 21. Ne2 Nh6 22. e4 f6 23. Nf4 Qc8 24. Ne6 Re8 25. e5 Ndf5 26. exf6 exf6 27. Qxf6 Qd7 28. h3 Nd6 29. a5 c4 30. bxc4 Nxc4 31. axb6 Rxb6 32. Rac1 Rc8 33. Qd4 Rb4 34. Nc5 Qb5 35. Ne4 Nf5 36. Qd3 Rd8 37. g4 Nh4 38. d6 Nxg2 39. Kxg2 Ne5 40. Qe3 Qb7 41. Rd4 Rb3 42. Rc3 Rxc3 43. Qxc3 Rc8 44. Qe3 Nd7 45. Kg3 Rf8 46. f3 Qb6 47. Qd2 Qa5 48. Qxa5 1-0


[Site "https://www.chess.com"]

[Event "Titled Tuesday Blitz August 17 2021"]
[White "Bazarov, Konstantin"]
[Black "Murzin, Volodar"]
[WhiteFideId "4137000"]
[BlackFideId "44155573"]
[WhiteElo "2122"]
[BlackElo "2541"]
[Result "0-1"]
[Round "04"]
[TimeControl "180+1"]
[Date "2021.08.17"]
[WhiteClock "0:00:16"]
[BlackClock "0:00:36"]

1. d4 d5 2. c4 c6 3. Nc3 dxc4 4. a4 Nd7 5. e3 e5 6. Bxc4 Nb6 7. Bb3 exd4 8. exd4 Nf6 9. Bg5 Be7 10. Nf3 O-O 11. O-O a5 12. h3 Nfd5 13. Bxe7 Qxe7 14. Nxd5 Nxd5 15. Bxd5 cxd5 16. Qb3 Be6 17. Rfe1 Rfc8 18. Qxd5 Bxd5 19. Rxe7 Rc2 20. Rb1 f6 21. Rd7 Bc6 22. Rc7 Rd8 23. Rd1 Rxb2 24. Re1 Rd7 25. Rc8+ Kf7 26. Ree8 Bxf3 27. gxf3 Rxd4 28. Re4 Rd1+ 29. Kg2 Rd7 30. Rc5 b6 31. Rc6 h5 32. h4 Rdd2 33. Kg3 Rxf2 34. Ree6 Rg2+ 35. Kf4 Rb4+ 36. Ke3 Rxh4 37. Rxb6 Rxa4 38. Rec6 Ra3+ 39. Ke4 Re2+ 40. Kf4 Rf2 41. Rc7+ Kg6 42. Rbb7 Rfxf3+ 43. Ke4 f5+ 44. Ke5 Rfe3+ 45. Kd5 Rad3+ 46. Kc4 Rc3+ 47. Kd4 Rxc7 48. Rxc7 Re4+ 0-1


[Site "https://www.chess.com"]

[Event "Titled Tuesday Blitz August 17 2021"]
[White "Bobkov, Vadim"]
[Black "Paravyan, David"]
[WhiteFideId "34110876"]
[BlackFideId "4194985"]
[WhiteElo "2117"]
[BlackElo "2562"]
[Result "0-1"]
[Round "04"]
[TimeControl "180+1"]
[Date "2021.08.17"]
[WhiteClock "0:00:01"]
[BlackClock "0:00:07"]

1. d4 f5 2. Nc3 Nf6 3. Bg5 d5 4. Bxf6 exf6 5. e3 Be6 6. Bd3 Nc6 7. Nce2 Qd7 8. Nf4 Bf7 9. h4 O-O-O 10. c3 Bd6 11. Nge2 Kb8 12. Qc2 g6 13. O-O-O Ne7 14. Kb1 h5 15. g3 Rdg8 16. Rc1 g5 17. Ng2 c6 18. a3 Bc7 19. Ka1 Be6 20. Ne1 Nc8 21. Nf3 Nd6 22. hxg5 fxg5 23. Ne5 Qe7 24. g4 fxg4 25. Ng6 Rxg6 26. Bxg6 h4 27. Bd3 Rf8 28. Rcf1 Bc8 29. Nc1 Rf3 30. Be2 Bf5 31. Qd1 Be4 32. Rhg1 Qe6 33. Nd3 Qf5 34. Ne5 Ne8 35. Nxg4 h3 36. Ne5 Bxe5 37. dxe5 g4 38. Rg3 Rxf2 39. Rxf2 Qxf2 40. Rxg4 Kc7 41. Rxe4 dxe4 42. Bg4 h2 43. Qd7+ Kb6 44. Qd4+ Kc7 45. Qd7+ Kb6 46. Qd4+ c5 47. Qd8+ Nc7 48. Qd6+ Kb5 49. Bd7+ Kc4 50. Be6+ Nxe6 51. Qxe6+ Kd3 52. Qd5+ Ke2 53. Qxe4 Qf1+ 54. Ka2 h1=Q 55. Qc4+ Kd2 56. Qd5+ Qxd5+ 0-1


[Site "https://www.chess.com"]

[Event "Titled Tuesday Blitz August 17 2021"]
[White "Bok, Benjamin"]
[Black "Nouri, Alekhine"]
[WhiteFideId "1017063"]
[BlackFideId "5216184"]
[WhiteElo "2658"]
[BlackElo "1894"]
[Result "1-0"]
[Round "04"]
[TimeControl "180+1"]
[Date "2021.08.17"]
[WhiteClock "0:00:45"]
[BlackClock "0:00:21"]

1. d4 Nf6 2. c4 c5 3. Nf3 cxd4 4. Nxd4 Nc6 5. Nc3 g6 6. g3 Bg7 7. Bg2 O-O 8. O-O Qa5 9. e3 d6 10. Bd2 Qc5 11. Nxc6 bxc6 12. b3 d5 13. cxd5 cxd5 14. Rc1 Qd6 15. Nb5 Qd7 16. a4 Ba6 17. Rc7 Qd8 18. Qc2 Bxb5 19. axb5 e6 20. Bb4 Re8 21. Ra1 Qb8 22. Qc6 Ng4 23. Ra6 Ne5 24. Qb7 Qxb7 25. Rxb7 Nd3 26. Ba3 Rac8 27. Raxa7 Rc1+ 28. Bxc1 1-0


[Site "https://www.chess.com"]

[Event "Titled Tuesday Blitz August 17 2021"]
[White "Bologan, Victor"]
[Black "Pourkashiyan, Atousa"]
[WhiteFideId "13900048"]
[BlackFideId "12502014"]
[WhiteElo "2511"]
[BlackElo "2285"]
[Result "1-0"]
[Round "04"]
[TimeControl "180+1"]
[Date "2021.08.17"]
[WhiteClock "0:00:10"]
[BlackClock "0:00:03"]

1. e4 e5 2. Nf3 Nf6 3. Nxe5 d6 4. Nf3 Nxe4 5. Nc3 Nxc3 6. dxc3 Be7 7. Be3 Nc6 8. Bd3 Be6 9. Qe2 Qd7 10. O-O-O a6 11. Ng5 Bxg5 12. Bxg5 O-O 13. Kb1 Bf5 14. Bc4 Na5 15. Bd5 c6 16. Bf3 Rfe8 17. Qd2 d5 18. b3 Bg4 19. c4 Bxf3 20. gxf3 Qf5 21. cxd5 cxd5 22. Qxd5 Re5 23. Qd2 Nc6 24. Rhg1 Rae8 25. Bh6 g6 26. Be3 Qxf3 27. Qd7 R5e7 28. Qd6 Re6 29. Qc5 Re5 30. Qc3 R5e6 31. h4 h5 32. Rd3 Qf6 33. Qc5 Qe5 34. Qb6 Qb5 35. Qc7 Ne5 36. Rd8 Nf3 37. Rxe8+ Rxe8 38. Rd1 Qc6 39. Qf4 Ne5 40. Bd4 Qe6 41. Re1 Nc6 42. Rxe6 Rxe6 43. Bc3 Re8 44. Qf6 Rd8 45. Qg7# 1-0


[Site "https://www.chess.com"]

[Event "Titled Tuesday Blitz August 17 2021"]
[White "Borawski, Jakub"]
[Black "Damjanovic, Vladimir"]
[WhiteFideId "1143000"]
[BlackFideId "903795"]
[WhiteElo "2020"]
[BlackElo "2374"]
[Result "0-1"]
[Round "04"]
[TimeControl "180+1"]
[Date "2021.08.18"]
[WhiteClock "0:00:07"]
[BlackClock "0:00:10"]

1. e4 c5 2. Nf3 d6 3. d4 cxd4 4. Nxd4 Nf6 5. Nc3 a6 6. Be2 e5 7. Nb3 Be7 8. O-O O-O 9. Kh1 Be6 10. f3 Nbd7 11. Bg5 b5 12. Bxf6 Nxf6 13. a4 b4 14. Na2 d5 15. exd5 Nxd5 16. Qc1 Bg5 17. Qb1 Ne3 18. Re1 Bf4 19. g3 Bxg3 20. hxg3 Qg5 21. Qc1 f5 22. Bc4 Qh5+ 23. Kg1 Nxc4 24. Nd2 Nxd2 25. Qxd2 Qxf3 26. Qf2 Qxf2+ 27. Kxf2 Bxa2 28. Rxa2 e4 29. c3 bxc3 30. bxc3 Rac8 31. Re3 Rfd8 32. Ke2 Kf7 33. Rb2 Rd7 34. Rb6 Rcd8 35. Rxa6 Rd1 36. Kf2 R8d6 37. Ra7+ Kf6 38. a5 Ra1 39. g4 g6 40. gxf5 gxf5 41. Rxh7 Ke5 42. c4 Rxa5 43. Re2 Rc5 44. Rc2 Rdc6 45. Re7+ Kf4 46. Ke1 Rxc4 47. Rf2+ Ke3 48. Re2+ Kf4 49. Rf2+ Kg5 50. Rg7+ Kf6 51. Rg8 Rc1+ 52. Ke2 R6c2+ 53. Ke3 Re1+ 0-1


[Site "https://www.chess.com"]

[Event "Titled Tuesday Blitz August 17 2021"]
[White "Borsuk, Konstantin"]
[Black "Patrascu, Catalin-Lucian"]
[WhiteFideId "14113406"]
[BlackFideId "1229052"]
[WhiteElo "2382"]
[BlackElo "2120"]
[Result "0-1"]
[Round "04"]
[TimeControl "180+1"]
[Date "2021.08.17"]
[WhiteClock "0:00:44"]
[BlackClock "0:00:03"]

1. d4 Nf6 2. c4 e6 3. Nc3 d5 4. cxd5 Nxd5 5. Nf3 c5 6. e4 Nxc3 7. bxc3 cxd4 8. cxd4 Bb4+ 9. Bd2 Bxd2+ 10. Qxd2 O-O 11. Bc4 b6 12. d5 Re8 13. O-O-O Qc7 14. Qc2 Qf4+ 15. Kb1 Bb7 16. Nd4 exd5 17. Bxd5 Bxd5 18. exd5 Nd7 19. g3 Qd6 20. Nf5 Qf6 21. d6 Nc5 22. Ne7+ Kh8 23. Rd5 Rad8 24. Rhd1 Rd7 25. h4 Red8 26. Nc6 Rc8 27. Ne5 Rdd8 28. d7 Rc7 29. f4 Qe7 30. Rd6 g6 31. h5 f6 32. Nc6 Rxc6 33. Rxc6 Rxd7 34. Rc8+ Kg7 35. h6+ Kxh6 36. Rh1+ Kg7 37. f5 g5 38. g4 Rd4 39. Qg2 Rb4+ 40. Kc2 Qf7 41. Kc1 Rc4+ 42. Kb1 Rb4+ 43. Ka1 Qc4 44. Qb7+ Nxb7 45. Rxc4 Rxc4 0-1


[Site "https://www.chess.com"]

[Event "Titled Tuesday Blitz August 17 2021"]
[White "Bortnyk, Olexandr"]
[Black "Urazayev, Arystanbek"]
[WhiteFideId "14120828"]
[BlackFideId "13709810"]
[WhiteElo "2723"]
[BlackElo "2321"]
[Result "0-1"]
[Round "04"]
[TimeControl "180+1"]
[Date "2021.08.17"]
[WhiteClock "0:00:20"]
[BlackClock "0:00:21"]

1. d4 d5 2. Nc3 Nf6 3. Bf4 a6 4. e3 e6 5. Nf3 c5 6. a3 Nc6 7. Bd3 cxd4 8. exd4 Bd6 9. Bg5 h6 10. Bh4 Be7 11. O-O O-O 12. Re1 b5 13. Ne2 Ne4 14. Bxe7 Nxe7 15. Ng3 Nxg3 16. hxg3 Bb7 17. Ne5 Nc6 18. c3 Nxe5 19. Rxe5 Qd7 20. Qg4 a5 21. Rae1 b4 22. axb4 axb4 23. cxb4 Ba6 24. Bb1 Bc4 25. Rh5 f5 26. Qf4 Ra1 27. g4 Bd3 28. Bxd3 Rxe1+ 29. Kh2 fxg4 30. Qxg4 Qc7+ 31. Qg3 Qxg3+ 32. Kxg3 Rd1 33. Ba6 Rxd4 34. b5 Rb4 35. Re5 Kf7 36. Re2 Rb8 37. Rc2 Kf6 38. f3 g5 39. Re2 h5 40. Rc2 h4+ 41. Kh3 d4 42. Rd2 Kf5 43. Kh2 e5 44. Kg1 g4 45. Kf2 g3+ 46. Ke2 Rb3 47. Kf1 d3 48. b6 R8xb6 49. Bxd3+ Kf4 50. Bc2 Rxb2 51. Re2 R6b4 52. Ke1 Ra2 53. Kd1 Rd4+ 54. Kc1 Rc4 55. Kb1 Raxc2 56. Rxc2 Rxc2 57. Kxc2 h3 58. gxh3 g2 0-1


[Site "https://www.chess.com"]

[Event "Titled Tuesday Blitz August 17 2021"]
[White "Buscar, Michael"]
[Black "Sonis, Francesco"]
[WhiteFideId "2603616"]
[BlackFideId "895733"]
[WhiteElo "2010"]
[BlackElo "2373"]
[Result "0-1"]
[Round "04"]
[TimeControl "180+1"]
[Date "2021.08.18"]
[WhiteClock "0:00:11"]
[BlackClock "0:01:22"]

1. d4 Nf6 2. c4 c6 3. Nf3 d5 4. g3 Bf5 5. Bg2 e6 6. O-O h6 7. Nbd2 Nbd7 8. b3 a5 9. a4 Bb4 10. Ba3 Qe7 11. Qc1 O-O 12. c5 Bxa3 13. Qxa3 Ne4 14. b4 axb4 15. Qxb4 b6 16. Nxe4 Bxe4 17. Rfc1 bxc5 18. dxc5 Rfb8 19. Qc3 Bxf3 20. Bxf3 f5 21. e3 Qf6 22. Qc2 Ra5 23. Rcb1 Rxb1+ 24. Qxb1 Nxc5 25. Bd1 Qc3 26. Ra2 Kh7 27. Kg2 Nd3 28. Qb6 Qc5 29. Qb3 Nc1 0-1


[Site "https://www.chess.com"]

[Event "Titled Tuesday Blitz August 17 2021"]
[White "Chigaev, Maksim"]
[Black "Levitskiy, Andrey"]
[WhiteFideId "4108116"]
[BlackFideId "14132885"]
[WhiteElo "2579"]
[BlackElo "2340"]
[Result "1-0"]
[Round "04"]
[TimeControl "180+1"]
[Date "2021.08.17"]
[WhiteClock "0:01:16"]
[BlackClock "0:00:02"]

1. c4 e5 2. Nc3 Bb4 3. Nd5 Bc5 4. Nf3 d6 5. e3 Nf6 6. b4 Nxd5 7. bxc5 Nf6 8. cxd6 Qxd6 9. Be2 c5 10. O-O Nc6 11. Bb2 O-O 12. d4 exd4 13. exd4 cxd4 14. Nxd4 Nxd4 15. Qxd4 Qxd4 16. Bxd4 Rd8 17. Rfd1 Be6 18. Bf3 Bxc4 19. Bxb7 Rab8 20. Bxa7 Rxd1+ 21. Rxd1 Re8 22. a3 h5 23. Bd4 Rd8 24. Bf3 Rb8 25. Bxf6 gxf6 26. Bxh5 Ra8 27. Ra1 Kg7 28. a4 Ra5 29. Bd1 f5 30. h4 Kf6 31. Kh2 Ke5 32. Bc2 f4 33. Re1+ Kd4 34. Re4+ Kc3 35. Rxf4 Be6 36. Bd1 Kd2 37. Bg4 Bd5 38. h5 Kc3 39. Rf5 Rxa4 40. Rxd5 Rxg4 41. f3 Rg8 42. g4 Kc4 43. Rf5 Rg7 44. Kg3 Kd4 45. h6 Rh7 46. g5 Ke3 47. Re5+ Kd4 48. f4 Kd3 49. Kg4 Kd4 50. Kf5 1-0


[Site "https://www.chess.com"]

[Event "Titled Tuesday Blitz August 17 2021"]
[White "Chirila, Ioan-Cristian"]
[Black "Koellner, Ruben Gideon"]
[WhiteFideId "1211668"]
[BlackFideId "12993093"]
[WhiteElo "2445"]
[BlackElo "2499"]
[Result "0-1"]
[Round "04"]
[TimeControl "180+1"]
[Date "2021.08.17"]
[WhiteClock "0:00:02"]
[BlackClock "0:00:17"]

1. d4 d6 2. Nf3 Nf6 3. g3 g6 4. Bg2 Bg7 5. O-O O-O 6. c4 Nbd7 7. Nc3 Re8 8. e4 e5 9. Qc2 c6 10. h3 h6 11. Be3 Kh7 12. Rad1 Qc7 13. Rfe1 a6 14. b3 b5 15. c5 dxc5 16. dxe5 Ng8 17. Bf4 Nxe5 18. Nxe5 Bxe5 19. Bxe5 Qxe5 20. f4 Qe7 21. e5 Bf5 22. Qf2 Rac8 23. g4 Bd7 24. Ne4 c4 25. bxc4 bxc4 26. Nd6 c5 27. Bd5 Be6 28. Bxe6 Qxe6 29. Nxe8 Qxe8 30. Qe2 Qa4 31. Rc1 c3 32. f5 gxf5 33. gxf5 Ne7 34. f6 Rg8+ 35. Kh1 Nf5 36. Qd3 Qc6+ 37. Re4 Ng3+ 38. Kh2 Qxe4 39. Rxc3 Qxd3 40. Rxd3 Ne4 41. Re3 Ng5 42. Rd3 Ne6 43. Rd6 Rc8 44. Rxa6 c4 45. Rb6 c3 46. Rb1 c2 47. Rc1 Nd4 48. e6 fxe6 49. f7 Kg7 0-1


[Site "https://www.chess.com"]

[Event "Titled Tuesday Blitz August 17 2021"]
[White "Cunha, Lucas Aguiar"]
[Black "Timmermans, Mark"]
[WhiteFideId "2125404"]
[BlackFideId "1026399"]
[WhiteElo "2361"]
[BlackElo "2460"]
[Result "0-1"]
[Round "04"]
[TimeControl "180+1"]
[Date "2021.08.17"]
[WhiteClock "0:00:26"]
[BlackClock "0:00:31"]

1. e4 e5 2. Nf3 Nc6 3. Nc3 Nf6 4. Bb5 Nd4 5. Ba4 Bc5 6. Nxe5 O-O 7. Nd3 Bb6 8. e5 Ne8 9. Nd5 c6 10. Ne3 f6 11. O-O fxe5 12. Nxe5 Qg5 13. N3c4 d5 14. d3 Qf6 15. Nxb6 axb6 16. c3 Qxe5 17. cxd4 Qxd4 18. Bb3 b5 19. Be3 Qxb2 20. d4 Qa3 21. Bd2 Bf5 22. Qe1 Qa7 23. Bb4 Rf6 24. Qe5 Qb8 25. Rfe1 Nd6 26. f3 Nc4 27. Qe2 Rh6 28. g3 Re6 29. Qf2 Qe8 30. Rxe6 Qxe6 31. Re1 Qf6 32. Re7 Nd6 33. Qe3 Bg6 34. Re6 Nf5 35. Rxf6 Nxe3 36. Rd6 Nf5 37. Rd7 Nxd4 38. Rxb7 Nxf3+ 39. Kg2 Nd4 40. Bc3 Ne6 41. Be5 Kf8 42. Bd6+ Kg8 43. Be5 Be4+ 44. Kg1 c5 45. Re7 Ra6 46. Bd1 d4 47. Bg4 Bd5 48. Bh5 g6 49. Bg4 h5 50. Bh3 Ng5 51. Bf1 Nf3+ 52. Kf2 Rxa2+ 53. Be2 Nxe5 54. Rxe5 Bc4 0-1


[Site "https://www.chess.com"]

[Event "Titled Tuesday Blitz August 17 2021"]
[White "Cunjalo, Faris"]
[Black "Khumalo, Keith"]
[WhiteFideId "14410710"]
[BlackFideId "14319470"]
[WhiteElo "2234"]
[BlackElo "1992"]
[Result "0-1"]
[Round "04"]
[TimeControl "180+1"]
[Date "2021.08.17"]
[WhiteClock "0:00:19"]
[BlackClock "0:00:24"]

1. d4 d5 2. Nf3 Nf6 3. e3 g6 4. b4 Bg7 5. Nbd2 c6 6. Be2 O-O 7. c4 dxc4 8. Nxc4 Ne4 9. Bb2 Nd6 10. O-O Be6 11. Nce5 f6 12. Nd3 a5 13. Nc5 Bf7 14. a3 b6 15. Nd3 Nc4 16. Bc3 a4 17. Nd2 Nd7 18. Nxc4 Bxc4 19. Rc1 Bb3 20. Qd2 e5 21. dxe5 fxe5 22. e4 Qe7 23. Qe3 Rad8 24. Bb2 Qe6 25. Bd1 Rc8 26. Bxb3 Qxb3 27. Rc3 Qa2 28. Ra1 Qe6 29. Rac1 Rc7 30. Rc4 Rfc8 31. f3 h5 32. R1c2 Kh7 33. f4 Bh6 34. Qg3 exf4 35. Nxf4 Qf7 36. Nd3 Rf8 37. h3 Rfc8 38. e5 Nf8 39. Re4 Ne6 40. Rf2 Qd7 41. Rf6 Rg8 42. Re2 Rg7 43. Nf2 Nd4 44. Bxd4 Qxd4 45. Qd3 c5 46. Qxd4 cxd4 47. Rd6 Be3 48. Kh2 h4 49. Nd3 Rc3 50. Ne1 Bf4+ 51. Kg1 Re7 52. Rxd4 Be3+ 53. Rxe3 Rxe3 54. Rxh4+ Kg7 55. Nf3 Rxa3 56. Rc4 Rb3 57. Nd4 Rb1+ 58. Kh2 a3 0-1


[Site "https://www.chess.com"]

[Event "Titled Tuesday Blitz August 17 2021"]
[White "D`Costa, Lorin"]
[Black "Golizadeh, Asghar"]
[WhiteFideId "409219"]
[BlackFideId "12505269"]
[WhiteElo "2287"]
[BlackElo "2403"]
[Result "1-0"]
[Round "04"]
[TimeControl "180+1"]
[Date "2021.08.18"]
[WhiteClock "0:00:07"]
[BlackClock "0:00:04"]

1. Nf3 Nf6 2. c4 e6 3. Nc3 Bb4 4. Qc2 Bxc3 5. Qxc3 b6 6. g3 Bb7 7. Bg2 O-O 8. O-O d6 9. b4 Nbd7 10. Bb2 Qe7 11. d3 e5 12. e4 c5 13. a3 Ne8 14. Nh4 Nc7 15. f4 f6 16. Nf5 Qe6 17. Rf2 Nb8 18. Raf1 Nc6 19. h4 Nd4 20. Nxd4 cxd4 21. Qd2 a5 22. b5 Qe7 23. Kh2 Ne6 24. Qe2 Nc5 25. g4 f5 26. g5 fxe4 27. dxe4 Ne6 28. f5 Nf4 29. Rxf4 exf4 30. Rxf4 Qe5 31. Qd2 Rae8 32. Bxd4 Qe7 33. f6 Qc7 34. fxg7 Rxf4 35. Qxf4 Qxc4 36. Qxd6 Qe2 37. Qd7 Qh5 38. Kg3 Bc8 39. Qd5+ Be6 40. Bf3 Qf7 41. Qd6 Bd7 42. a4 Be6 43. Qf4 Bb3 44. Qxf7+ Kxf7 45. Bh5+ Ke7 46. Bxe8 Kxe8 47. Bxb6 Kf7 48. Bxa5 Kxg7 49. Bc3+ Kf7 50. a5 Ke7 51. a6 Bc2 52. Kf4 Ba4 53. a7 1-0


[Site "https://www.chess.com"]